 Dungeon Crawl Stone Soup version 0.29.1-2-gbd0b4ee654 (webtiles) character file.

Game seed: 870345463221222566

7193 BreadTh the Thaumaturge (level 10, -33/44 HPs)
             Began as a Spriggan Conjurer on Nov 2, 2022.
             Was an Initiate of Gozag.
             Annihilated by a boulder beetle (54 damage)
             ... on level 9 of the Dungeon on Nov 15, 2022.
             The game lasted 01:30:29 (16440 turns).

BreadTh the Thaumaturge (Spriggan Conjurer)        Turns: 16440, Time: 01:30:30

Health: -33/44     AC: 11    Str:  5    XL:     10   Next: 87%
Magic:  25/35      EV: 20    Int: 23    God:    Gozag
Gold:   1308       SH:  0    Dex: 13    Spells: 3/31 levels left

rFire   + . .      SeeInvis +   D - +7 lajatang "Huan" {freeze, MP+9}
rCold   + . .      Faith    .   (shield currently unavailable)
rNeg    . . .      Spirit   .   O - +0 robe {rC+ rF+}
rPois   .          Reflect  .   (helmet restricted)
rElec   .          Harm     .   p - +0 cloak
rCorr   .          Rampage  .   (gloves unavailable)
Will    +....                   (boots unavailable)
Stlth   ++++......              (no amulet)
HPRegen 0.14/turn               k - +4 ring of protection
MPRegen 0.24/turn               G - +4 ring of protection

@: very quick
A: very small, no large weapons, unfitting armour, see invisible, speed 3
a: Renounce Religion, Potion Petition, Call Merchant, Bribe Branch


You were on level 9 of the Dungeon.
You worshipped Gozag.
Gozag was most pleased with you.
You visited 2 branches of the dungeon, and saw 10 of its levels.
You also visited: Bailey.

You collected 1379 gold pieces.
You paid 71 gold pieces to Gozag.

Inventory:

Hand Weapons
 f - a +3 dagger of chaos
 m - a +0 falchion of electrocution
 u - a +2 vampiric whip
 A - the +5 sling of Responsibility {vorpal, Str+9}
   (You found it on level 6 of the Dungeon)

   Any ammunition fired from it inflicts extra damage upon your enemies.
   Str:       It affects your strength (+9).
 D - the +7 lajatang "Huan" (weapon) {freeze, MP+9}
   (You found it on level 7 of the Dungeon)

   It freezes those it strikes, dealing additional cold damage.
   It can also slow down cold-blooded creatures.
   MP:        It affects your magic capacity (+9).
 N - a +2 spear of freezing
Missiles
 E - 32 poisoned darts
 P - a curare-tipped dart
Armour
 a - a +0 robe
 j - +2 ice dragon scales
 p - a +0 cloak (worn)
 O - a +0 robe of resistance (worn)
Magical Staves
 J - a staff of cold
Jewellery
 k - a +4 ring of protection (left hand)
 B - a +6 ring of strength
 F - a +6 ring of intelligence
 G - a +4 ring of protection (right hand)
 L - a ring of protection from fire
Wands
 t - a wand of roots (13)
 C - a wand of polymorph (7)
 Q - a wand of digging (5)
Scrolls
 d - 6 scrolls of identify
 e - 2 scrolls of enchant armour
 i - a scroll of teleportation
 q - a scroll of blinking {unknown}
 w - 2 scrolls of vulnerability
 y - a scroll of silence
 z - a scroll of summoning {unknown}
 M - a scroll of fear
Potions
 b - 3 potions of magic
 c - 4 potions of degeneration
 g - a potion of ambrosia {unknown}
 h - a potion of haste {unknown}
 l - 3 potions of brilliance
 n - 3 potions of cancellation {unknown}
 o - 4 potions of invisibility {unknown}
 r - 5 potions of curing
 s - a potion of attraction {unknown}
 v - a potion of heal wounds {unknown}
 x - a potion of flight {unknown}
 H - 2 potions of lignification {unknown}
 I - a potion of resistance {unknown}
 K - a potion of experience


   Skills:
 + Level 8.4 Dodging
 + Level 9.8 Stealth
 * Level 11.3 Spellcasting
 + Level 5.6 Conjurations
 + Level 5.6 Hexes
 + Level 1.8 Summonings
 + Level 2.0 Necromancy
 + Level 6.7 Translocations
 + Level 3.8 Fire Magic


You had 3 spell levels left.
You knew the following spells:

 Your Spells              Type           Power      Damage    Failure   Level
a - Magic Dart            Conj           100%       1d8       1%          1
b - Searing Ray           Conj           78%        2d7       1%          2
c - Conjure Flame         Conj/Fire      35%        6-21      1%          3
d - Dazzling Flash        Conj/Hex       78%        N/A       1%          3
e - Fulminant Prism       Conj/Hex       19%        3d11      4%          4
f - Iskenderun's Mystic   Conj/Tloc      41%        2d9       3%          4
g - Sticky Flame          Conj/Fire      35%        2d5       7%          4
h - Dispel Undead         Necr           22%        3d12      21%         4
i - Summon Guardian Gole  Hex/Summ       30%        N/A       3%          3

Your spell library contained the following spells:

 Spells                   Type           Power      Damage    Failure   Level
 Ignite Poison            Fire/Tmut/Pois 18%        N/A       9%          3
 Death Channel            Necr           11%        N/A       97%         6
 Orb of Destruction       Conj           19%        9d8       99%         7
 Spellforged Servitor     Conj/Summ      15%        N/A       100%        7
 Corpse Rot               Necr/Pois/Air  Unusable   N/A       N/A         4

Dungeon Overview and Level Annotations

Branches:
Dungeon (9/15)             Temple (1/1) D:5            Lair (0/5) D:8
 Bailey (visited)
    Orc: D:9-12

Altars:
Ashenzari
Cheibriados
Elyvilon
Fedhas
Gozag
Hepliaklqana
Makhleb
Nemelex Xobeh
Okawaru
Qazlal
Ru
Sif Muna
Trog
Uskayaw
Vehumet
Wu Jian
Xom
Yredelemnul
The Shining One
Lugonu

Shops:
D:2 (


Innate Abilities, Weirdness & Mutations

You are very small and have problems with some larger weapons.
You are too small for most types of armour.
You have supernaturally acute eyesight. (SInv)
You cover ground extremely quickly. (Speed+++)


Message History

The boulder beetle curls into a ball and begins rolling!
Items here: ))) [.
There is an open door here.
You close the door.
You start resting.
Magic restored.
You open the door.
There is an open door here.
Items here: ))) [.
Casting: Conjure Flame (safe; 1% risk of failure)
Confirm with . or Enter, or press ? or * to list all spells.
Okay, then.
Casting: Conjure Flame (safe; 1% risk of failure)
Confirm with . or Enter, or press ? or * to list all spells.
A guardian golem appears, shielding your allies.
The boulder beetle curls into a ball and begins rolling!
Casting: Summon Guardian Golem (dangerous; 3% risk of failure)
Confirm with . or Enter, or press ? or * to list all spells.
Aiming: Fulminant Prism (dangerous; 4% risk of failure)
Press: ? - help, Dir - move target, p - boulder beetle You conjure a prism of explosive energy!
A fulminant prism comes into view.
The boulder beetle hits you!!
Ouch! That really hurt!
The boulder beetle stops rolling and uncurls.
Your fulminant prism crackles loudly.
Casting: Fulminant Prism (dangerous; 4% risk of failure)
Confirm with . or Enter, or press ? or * to list all spells.
Aiming: Fulminant Prism (dangerous; 4% risk of failure)
Press: ? - help, Dir - move target You conjure a prism of explosive energy!
A fulminant prism comes into view.
The boulder beetle curls into a ball and begins rolling!
Your fulminant prism explodes!
You hear a horrible gurgling sound!
The boulder beetle attacks as you move away!
The boulder beetle hits you!!!
Ouch! That really hurt!
You die...
Your body crumbles into a pile of gold.

#........###..........#
#...#.................#
#...#.########'#......#
#...#.#........#......#
#...#.#........#......#
###+#.###......#).....#
........#......#......#
........#####..#..#####
......).....####@.#
...............B..####
.............9°......#
................*....#
................######
...##########)..# ...#
#...# ...# #...## ...#
#....#


You could see a boulder beetle (rolling, ally target), a friendly guardian golem
(summoned) and a friendly fulminant prism (sheltered).

Vanquished Creatures
  An orc warlord (Bailey)
  A two-headed ogre (D:9)
  Pikel (D:8)
  A gargoyle (D:6)
  Psyche (D:8)
  An efreet (D:9)
  Grinder (D:5)
  A wraith (D:9)
  A wyvern (D:9)
  3 steam dragons
  A vampire mosquito (D:6)
  9 orc warriors
  An ice beast (D:6)
  A sky beast (D:7)
  A centaur (D:9)
  4 lemures (D:8)
  3 phantoms
  2 kobold brigands
  A gnoll sergeant (D:8)
  2 bullfrogs (D:8)
  A scorpion (D:7)
  11 wights
  A howler monkey (D:4)
  2 electric eels
  A lava snake (D:8)
  3 jellies
  3 orc priests
  4 hounds
  4 iguanas
  11 orc wizards
  10 adders
  20 gnolls
  A shadow imp (D:7)
  4 ufetubi
  8 dart slugs
  32 orcs
  4 bats
  12 endoplasms
  5 giant cockroaches
  5 hobgoblins
  26 kobolds
  6 quokkas
  6 ball pythons
  4 frilled lizards (D:2)
  10 goblins
  2 rats (D:2)
  12 fulminant prisms
245 creatures vanquished.

Vanquished Creatures (others)
  48 fulminant prisms
48 creatures vanquished.

Grand Total: 293 creatures vanquished

Notes
Turn   | Place    | Note
-------+----------+-------------------------------------------
     0 | D:1      | BreadTh the Spriggan Conjurer began the quest for the Orb.
     0 | D:1      | Reached XP level 1. HP: 9/9 MP: 5/5
   166 | D:1      | Reached skill level 3 in Spellcasting
   316 | D:1      | Reached XP level 2. HP: 13/13 MP: 1/7
  1216 | D:2      | Learned a level 2 spell: Searing Ray
  1305 | D:2      | Reached skill level 4 in Spellcasting
  1310 | D:2      | Reached XP level 3. HP: 16/16 MP: 2/9
  1548 | D:2      | Found Irphe's Weapon Shop.
  1566 | D:2      | Learned a level 3 spell: Conjure Flame
  1570 | D:2      | Learned a level 3 spell: Dazzling Flash
  2082 | D:2      | Reached XP level 4. HP: 21/21 MP: 8/11
  2860 | D:3      | Reached skill level 5 in Spellcasting
  3022 | D:3      | Reached XP level 5. HP: 24/24 MP: 2/13
  3389 | D:3      | Learned a level 4 spell: Fulminant Prism
  4236 | D:4      | Reached XP level 6. HP: 28/28 MP: 7/15
  4410 | D:4      | Reached skill level 6 in Spellcasting
  4795 | D:4      | Found a sacrificial altar of Ru.
  4906 | D:4      | Reached skill level 5 in Stealth
  5381 | D:5      | Entered Level 5 of the Dungeon
  5550 | D:5      | Reached XP level 7. HP: 31/32 MP: 7/17
  5658 | D:5      | Found a staircase to the Ecumenical Temple.
  5666 | Temple   | Entered the Ecumenical Temple
  5703 | Temple   | Became a worshipper of Gozag Ym Sagoz the Greedy
  5726 | D:5      | Identified the +3 leather armour of the Untouchables {+Inv
                  | Int+4 Dex+4}
  5873 | D:5      | Found a basalt altar of Yredelemnul.
  5909 | D:5      | Found a glowing golden altar of the Shining One.
  5933 | D:5      | Found a stormy altar of Qazlal.
  5981 | D:5      | Noticed Grinder
  6004 | D:5      | Killed Grinder
  6005 | D:5      | Reached skill level 5 in Dodging
  6005 | D:5      | Reached skill level 7 in Spellcasting
  6245 | D:5      | Learned a level 4 spell: Iskenderun's Mystic Blast
  7120 | D:6      | Reached skill level 1 in Translocations
  7161 | D:6      | Reached skill level 1 in Hexes
  7161 | D:6      | Reached XP level 8. HP: 36/36 MP: 13/20
  7425 | D:6      | Reached skill level 1 in Fire Magic
  7507 | D:6      | Found a snail-covered altar of Cheibriados.
  7507 | D:6      | Identified the +5 sling of Responsibility {vorpal, Str+9}
  7592 | D:6      | Reached skill level 8 in Spellcasting
  8099 | D:6      | Found a hide-covered altar of Uskayaw.
  8210 | D:6      | Noticed a gargoyle
  9034 | D:7      | Identified the +7 lajatang "Huan" {freeze, MP+9}
  9215 | D:7      | Found an iron altar of Okawaru.
  9890 | D:7      | Reached skill level 9 in Spellcasting
  9890 | D:7      | Reached XP level 9. HP: 38/39 MP: 9/23
 10808 | D:8      | Identified a scroll of acquirement
 10808 | D:8      | Acquired +2 ice dragon scales
 11362 | D:8      | Found a staircase to the Lair.
 11377 | D:8      | Noticed Pikel
 11390 | D:8      | Reached skill level 5 in Conjurations
 11544 | D:8      | Found a flagged portal.
 11555 | Bailey   | Entered a bailey
 11593 | Bailey   | Noticed an orc warlord
 12210 | Bailey   | Reached skill level 5 in Translocations
 12323 | Bailey   | Reached skill level 10 in Spellcasting
 12543 | Bailey   | Found a runed translucent gate.
 12544 | Bailey   | Found a runed translucent gate.
 12545 | Bailey   | Found a runed translucent gate.
 13126 | Bailey   | Killed an orc warlord
 13127 | Bailey   | Reached XP level 10. HP: 44/44 MP: 1/25
 13316 | Bailey   | Learned a level 4 spell: Sticky Flame
 13321 | Bailey   | Learned a level 4 spell: Dispel Undead
 13325 | Bailey   | Learned a level 3 spell: Summon Guardian Golem
 13626 | D:8      | Killed Pikel
 14354 | D:8      | Reached skill level 1 in Necromancy
 14441 | D:8      | Noticed Psyche
 14451 | D:8      | Killed Psyche
 14452 | D:8      | Reached skill level 5 in Hexes
 14452 | D:8      | Reached skill level 1 in Summonings
 14886 | D:8      | Found a shimmering blue altar of Sif Muna.
 15359 | D:6      | Killed a gargoyle
 15360 | D:6      | Reached skill level 11 in Spellcasting
 15528 | D:9      | Found a broken altar of Ashenzari.
 15735 | D:9      | Found a sparkling altar of Nemelex Xobeh.
 15841 | D:9      | Noticed a two-headed ogre
 15865 | D:9      | Killed a two-headed ogre
 16094 | D:9      | Noticed a boulder beetle
 16440 | D:9      | Annihilated by a boulder beetle

Illustrated notes

Levels and vault maps discovered:
D:1:      amcnicky_arrival_blooded_trapdoor, layout_basic, minmay_tiny_reverse_x
D:2:      layout_basic, serial_shops, shop_statue, minmay_crystal_water,
          minmay_pentomino_x2
D:3:      layout_loops_corners
D:4:      layout_basic, mainiacjoe_overflow_small_starburst
D:5:      layout_basic, lemuel_tele_altar, nicolae_tso_carved_into_rock,
          yredelemnul_altar_generic, minmay_temple_entry_grid, uniq_grinder
D:6:      layout_basic, lemuel_doored_altar,
          mainiacjoe_overflow_concentric_impassable,
          minmay_fractal_squares_gapless_5
D:7:      layout_cave_pools, old_standard_altar, lightli_minifort
D:8:      layout_loops_ring, kennysheep_orc_sif_temple, lair_entry_dummy,
          enter_bailey_8, nicolae_lava_and_water, uniq_pikel, uniq_psyche
D:9:      minmay_the_grid_square_5x5_3x3 [minmay_the_grid_square_5x5_z,
          minmay_the_grid_square_5x5_corner, minmay_the_grid_square_5x5_bridge,
          minmay_the_grid_square_5x5_two_walls_a,
          minmay_the_grid_square_5x5_megaprize_open,
          minmay_the_grid_square_5x5_inner_v,
          minmay_the_grid_square_5x5_sharp_hourglass,
          minmay_the_grid_square_5x5_tie, minmay_the_grid_square_5x5_checkered],
          layout_irregular_city, cheibrodos_ashenzari_chains,
          nemelex_spade_bored_becter
Temple:   corrupted_temple

Skill      XL: |  1  2  3  4  5  6  7  8  9 10 |
---------------+-------------------------------+-----
Conjurations   | 3 4 5 |  5.6
Spellcasting   | 3 4 5 6 7 9 10 11 | 11.3
Dodging        | 3 4 5 6 7 8 |  8.4
Stealth        | 4 5 6 7 8 9 |  9.8
Translocations | 1 3 5 6 |  6.7
Hexes          | 1 3 4 5 |  5.6
Fire Magic     | 2 3 |  3.8
Necromancy     | 2 |  2.0
Summonings     | 1 |  1.8

Action                   |  1- 3 |  4- 6 |  7- 9 | 10-12 || total
-------------------------+-------+-------+-------+-------++-------
Melee: Falchion          |     2 |     8 |       |       ||    10
       Lajatang          |       |       |       |     4 ||     4
 Cast: Magic Dart        |    85 |   114 |   194 |    70 ||   463
       Searing Ray       |       |    23 |    72 |    15 ||   110
       Conjure Flame     |       |     1 |    25 |    11 ||    37
       Fulminant Prism   |       |       |    16 |    45 ||    61
       Dazzling Flash    |       |       |     3 |       ||     3
       Sticky Flame      |       |       |       |     1 ||     1
       Summon Guardian G |       |       |       |     1 ||     1
  Use: Scroll            |       |       |    11 |       ||    11
       Potion            |       |       |     2 |       ||     2
 Stab: Sleeping          |       |       |       |     1 ||     1
Armor: Robe              |     4 |     3 |    10 |     5 ||    22
Dodge: Dodged            |     6 |    27 |    68 |    21 ||   122
